 Dungeon Crawl Stone Soup version 0.29.0-4-gdea44cf6ec (webtiles) character file.

Game seed: 10433005934633572058

6417 qw the Cleaver (level 10, 0/80 HPs)
             Began as a Demonspawn Cinder Acolyte on Sept 10, 2022.
             Was a Believer of Ignis.
             Slain by a cane toad (13 damage)
             ... on level 1 of the Lair of Beasts.
             The game lasted 00:03:33 (10036 turns).

qw the Cleaver (Demonspawn Cinder Acolyte)         Turns: 10036, Time: 00:03:33

Health: 0/80       AC: 29    Str: 24    XL:     10   Next: 66%
Magic:  11/11      EV:  1    Int: 19    God:    Ignis [**....]
Gold:   466        SH: 30    Dex: 15    Spells: 11/11 levels left

rFire   + . .      SeeInvis .   Y - +0 war axe
rCold   + . .      Faith    .   i - +18 shield of the Gong {rElec rN+ Will+ EV-5}
rNeg    + + +      Spirit   .   o - +0 plate armour
rPois   .          Reflect  .   (helmet restricted)
rElec   +          Harm     .   (no cloak)
rCorr   .          Rampage  .   n - +2 pair of gloves
Will    +....                   s - +1 pair of boots
Stlth   ..........              (no amulet)
HPRegen 1.23/turn               m - ring of the Castellan {rN++ Int+3 Dex+6 Stlth+}
MPRegen 0.12/turn               k - +6 ring of strength

@: lethally poisoned (0 -> -4), about to teleport, fiery-armoured
A: horns 2, icy blue scales 3, powered by death 1, large bone plates 1,
screaming 1
a: Renounce Religion, Fiery Armour, Foxfire Swarm, Rising Flame


You were on level 1 of the Lair of Beasts.
You worshipped Ignis.
Ignis was pleased with you.
You visited 2 branches of the dungeon, and saw 9 of its levels.

You collected 466 gold pieces.


Innate Abilities, Weirdness & Mutations

You have a pair of horns on your head.
You are completely covered in icy blue scales. (AC +4, rC+)
You regenerate a little health from kills.
You are partially covered in large bone plates. (SH +4)
You occasionally shout uncontrollably at your foes.


   Skills:
 - Level 8.0 Fighting
 - Level 11.4 Axes
 - Level 1.3 Throwing
 - Level 5.5 Armour
 - Level 3.0 Dodging
 + Level 2.6 Shields
 - Level 1.0 Spellcasting
 - Level 2.6 Fire Magic


You had 11 spell levels left.
You didn't know any spells.
Your spell library contained the following spells:

 Spells                   Type           Power      Damage    Failure   Level
 Scorch                   Fire           22%        2d6       99%         2

Inventory:

Hand Weapons
 h - a +2 hand axe of flaming
 Y - a +0 war axe (weapon)
Missiles
 g - 4 boomerangs (quivered)
Armour
 a - a +2 scale mail of fire resistance
 i - the +18 shield of the Gong (worn) {rElec rN+ Will+ EV-5}
   (You acquired it on level 8 of the Dungeon)

   It is deafeningly noisy when blocking attacks.
   EV:        It affects your evasion (-5).
   rElec:     It insulates you from electricity.
   rN:        It protects you from negative energy.
   Will:      It increases your willpower.
 n - a +2 pair of gloves (worn)
 o - a +0 plate armour (worn)
 s - a +1 pair of boots (worn)
Jewellery
 k - a +6 ring of strength (right hand)
 m - the ring of the Castellan (left hand) {rN++ Int+3 Dex+6 Stlth+}
   (You took it off an orc on level 6 of the Dungeon)

   [ring of dexterity]

   Int:       It affects your intelligence (+3).
   Dex:       It affects your dexterity (+6).
   rN:        It greatly protects you from negative energy.
   Stlth:     It makes you more stealthy.
Scrolls
 f - a scroll of teleportation
 q - a scroll of identify
Potions
 b - a potion of heal wounds
 c - 2 potions of mutation
 d - a potion of lignification {unknown}
 e - a potion of haste
 j - a potion of curing {unknown}
 p - a potion of resistance

Dungeon Overview and Level Annotations

Branches:
Dungeon (8/15)             Temple (0/1) D:5            Lair (1/5) D:8

Altars:
Cheibriados
Dithmenos
Hepliaklqana
Kikubaaqudgha
Nemelex Xobeh
Qazlal
Ru
Wu Jian
Xom
Yredelemnul

Shops:
D:2 (

Annotations:
D:8 1 transporter


Message History

You kill the water moccasin!
You block the cane toad's attack.
GONNNNG!
You block the black mamba's attack.
BONNNG!
You hear a croak.
You hear a bellow!
You closely miss the cane toad.
The cane toad is severely wounded.
You miss the black mamba.
You feel very sick. You block the black mamba's attack.
GONNNNG!
You block the cane toad's attack.
BOUMMMMG!
The black mamba bites you but does no damage.
The black mamba is burned by your cloak of flames.
The black mamba is severely wounded.
The cane toad stings you!
You are more poisoned.
The cane toad poisons you!
You hear a loud, deep croak!
You hit the cane toad.
You headbutt the cane toad, but do no damage.
The cane toad is almost dead.
You miss the black mamba.
You feel very sick.
The black mamba bites you but does no damage.
The black mamba is burned by your cloak of flames.
The black mamba is severely wounded.
You block the black mamba's attack.
GONNNNG!
You block the cane toad's attack.
PTOANNNG!
You hear a bellow! x2
10036 ||| READING 2 scrolls of teleportation.
As you read the scroll of teleportation, it crumbles to dust.
You feel strangely unstable.
You feel very sick. You block the black mamba's attack.
SHROANNG!
The cane toad stings you!
You die...

##.... .#
#....## ..#
####.....###..#
..........#....
.P...........
#........#
#...%...#
#..@...#
#..FS%..#
#.......#
.........#
.............
..../.........
..##..........#
.P PP......#..#


You could see a black mamba and a cane toad.

Vanquished Creatures
  Joseph (D:8)
  Psyche (D:8)
  Sigmund (D:3)
  Grum (D:8)
  A wyvern (Lair:1)
  4 vampire mosquitoes (D:5)
  2 steam dragons
  3 wargs (D:8)
  Duvessa (D:5)
  3 water moccasins
  An ice beast (D:8)
  2 orc warriors
  3 ogres
  2 sky beasts
  3 black bears
  3 centaurs
  4 wolves (D:7)
  A phantom (D:6)
  3 bullfrogs
  4 scorpions
  A gnoll sergeant (D:8)
  A necrophage (D:5)
  13 wights (D:8)
  Dowan (D:5)
  3 electric eels (D:7)
  3 orc priests
  2 hounds
  3 jellies
  Jessica (D:3)
  7 iguanas
  6 orc wizards
  7 adders
  12 gnolls
  A shadow imp (D:8)
  A white imp (D:6)
  3 worms
  2 dart slugs
  17 orcs
  6 ball pythons
  11 endoplasms
  A giant cockroach (D:2)
  8 goblins
  2 hobgoblins
  3 jackals (D:5)
  11 kobolds
  6 quokkas
  5 bats
  6 frilled lizards
  7 rats
194 creatures vanquished.

Vanquished Creatures (others)
  A wight (D:8)
  A plant (Lair:1)
2 creatures vanquished.

Grand Total: 196 creatures vanquished

Notes
Turn   | Place    | Note
-------+----------+-------------------------------------------
     0 | D:1      | qw the Demonspawn Cinder Acolyte began the quest for the
                  | Orb.
     0 | D:1      | Reached XP level 1. HP: 18/18 MP: 2/2
     0 | D:1      | 0 ||| qw: Version: 0.1-a-113-g051387a
     0 | D:1      | 0 ||| qw: Game counter: 7389
     0 | D:1      | 0 ||| qw: Always use a shield: true
     0 | D:1      | 0 ||| qw: God list: Okawaru
     0 | D:1      | 0 ||| qw: Allow faded altars: false
     0 | D:1      | 0 ||| qw: Do Orc after D:15 true
     0 | D:1      | 0 ||| qw: Do second Lair branch before Depths: true
     0 | D:1      | 0 ||| qw: Lair rune preference: random
     0 | D:1      | 0 ||| qw: Plans: Normal
     0 | D:1      | 0 ||| PLANNING D:1-11
    68 | D:1      | 68 ||| Stepping ~*~*~tactically~*~*~ (stealth).
   112 | D:1      | 112 ||| Stepping ~*~*~tactically~*~*~ (stealth).
   116 | D:1      | Reached skill level 3 in Axes
   117 | D:1      | 117 ||| Stepping ~*~*~tactically~*~*~ (stealth).
   118 | D:1      | 118 ||| Stepping ~*~*~tactically~*~*~ (stealth).
   119 | D:1      | 119 ||| Stepping ~*~*~tactically~*~*~ (stealth).
   122 | D:1      | 122 ||| Stepping ~*~*~tactically~*~*~ (stealth).
   125 | D:1      | 125 ||| Stepping ~*~*~tactically~*~*~ (stealth).
   126 | D:1      | 126 ||| Stepping ~*~*~tactically~*~*~ (stealth).
   127 | D:1      | 127 ||| Stepping ~*~*~tactically~*~*~ (stealth).
   128 | D:1      | 128 ||| Stepping ~*~*~tactically~*~*~ (stealth).
   431 | D:1      | Gained mutation: You have a pair of small horns on your
                  | head. [demonic ancestry]
   431 | D:1      | Reached XP level 2. HP: 24/24 MP: 3/3
   611 | D:1      | 611 ||| Stepping ~*~*~tactically~*~*~ (stealth).
   612 | D:1      | 612 ||| Stepping ~*~*~tactically~*~*~ (stealth).
   731 | D:1      | 731 ||| Stepping ~*~*~tactically~*~*~ (stealth).
   732 | D:1      | 732 ||| Stepping ~*~*~tactically~*~*~ (stealth).
   734 | D:1      | 734 ||| Stepping ~*~*~tactically~*~*~ (stealth).
  1159 | D:1      | Reached XP level 3. HP: 29/29 MP: 4/4
  1377 | D:1      | 1377 ||| UPGRADING to +0 leather armour.
  1387 | D:1      | 1387 ||| DROPPING +0 robe.
  1427 | D:1      | 1427 ||| READING 2 scrolls labelled SYIQUW LOMUOS.
  1428 | D:1      | 1428 ||| READING scroll of enchant weapon.
  1428 | D:1      | 1428 ||| ENCHANTING +0 hand axe of flaming.
  1429 | D:1      | 1429 ||| READING scroll labelled TUZ BANONUNWE.
  1430 | D:1      | 1430 ||| READING scroll labelled PIKUOSHR OGIURCH.
  1601 | D:2      | 1601 ||| STAIRDANCE
  1630 | D:2      | 1630 ||| STAIRDANCE
  1637 | D:2      | Reached skill level 4 in Axes
  1637 | D:2      | Found Irhiom's Weapon Shoppe.
  1808 | D:2      | 1808 ||| Stepping ~*~*~tactically~*~*~ (stealth).
  1813 | D:2      | 1813 ||| Stepping ~*~*~tactically~*~*~ (stealth).
  1814 | D:2      | 1814 ||| Stepping ~*~*~tactically~*~*~ (stealth).
  1833 | D:2      | 1833 ||| FLEEEEING.
  1834 | D:2      | 1834 ||| FLEEEEING.
  1850 | D:2      | 1850 ||| FLEEEEING.
  1851 | D:2      | 1851 ||| STAIRDANCE
  1879 | D:1      | 1879 ||| UPGRADING to +0 ring mail.
  1889 | D:1      | 1889 ||| DROPPING +0 leather armour.
  1890 | D:1      | 1890 ||| READING scroll labelled MILEIP NUDEBUSONO.
  1920 | D:2      | 1920 ||| STAIRDANCE
  2196 | D:2      | 2196 ||| Stepping ~*~*~tactically~*~*~ (stealth).
  2202 | D:2      | Gained mutation: You are partially covered in icy blue
                  | scales. (AC +2) [demonic ancestry]
  2202 | D:2      | Reached XP level 4. HP: 27/35 MP: 5/5
  2204 | D:2      | 2204 ||| INVOKING Fiery Armour.
  2391 | D:2      | 2391 ||| READING scroll of enchant weapon.
  2391 | D:2      | 2391 ||| ENCHANTING +1 hand axe of flaming.
  2514 | D:2      | 2514 ||| UPGRADING to +2 scale mail of fire resistance.
  2524 | D:2      | 2524 ||| DROPPING +0 ring mail.
  2525 | D:2      | 2525 ||| UPGRADING to +6 ring of dexterity.
  2526 | D:2      | 2526 ||| DRINKING 2 bubbling sapphire potions.
  2526 | D:2      | Gained mutation: You occasionally shout uncontrollably at
                  | your foes. [potion of mutation]
  2526 | D:2      | Gained mutation: You are partially covered in large bone
                  | plates. (SH +4) [potion of mutation]
  2527 | D:2      | 2527 ||| DRINKING 2 dark potions.
  2528 | D:2      | 2528 ||| DRINKING 2 white potions.
  2529 | D:2      | 2529 ||| DROPPING potion of attraction.
  2551 | D:3      | Reached skill level 1 in Dodging
  2576 | D:3      | Noticed Sigmund
  2586 | D:3      | Killed Sigmund
  2587 | D:3      | Reached skill level 3 in Armour
  2587 | D:3      | Gained mutation: You have a pair of horns on your head.
                  | [demonic ancestry]
  2587 | D:3      | Reached XP level 5. HP: 21/41 MP: 6/6
  2754 | D:3      | 2754 ||| Stepping ~*~*~tactically~*~*~ (stealth).
  2803 | D:3      | 2803 ||| INVOKING Fiery Armour.
  2811 | D:3      | Reached XP level 6. HP: 38/47 MP: 7/7
  2956 | D:3      | 2956 ||| Stepping ~*~*~tactically~*~*~ (hiding).
  3207 | D:3      | 3207 ||| Stepping ~*~*~tactically~*~*~ (stealth).
  3259 | D:3      | 3259 ||| Stepping ~*~*~tactically~*~*~ (stealth).
  3357 | D:3      | Noticed Jessica
  3365 | D:3      | Killed Jessica
  3366 | D:3      | Reached skill level 5 in Axes
  3648 | D:3      | 3648 ||| UPGRADING to +6 ring of strength.
  3863 | D:4      | 3863 ||| Stepping ~*~*~tactically~*~*~ (stealth).
  3864 | D:4      | 3864 ||| Stepping ~*~*~tactically~*~*~ (stealth).
  4161 | D:4      | Found a stormy altar of Qazlal.
  4220 | D:4      | Noticed a steam dragon
  4235 | D:4      | Killed a steam dragon
  4236 | D:4      | Reached skill level 6 in Axes
  4236 | D:4      | Gained mutation: You regenerate a little health from kills.
                  | [demonic ancestry]
  4236 | D:4      | Reached XP level 7. HP: 32/52 MP: 8/8
  4529 | D:4      | Identified the +2 leather armour of the Silversmith {rPois
                  | rC- Int+3 Dex+4}
  4615 | D:4      | 4615 ||| DROPPING amulet of magic regeneration.
  4616 | D:4      | 4616 ||| DRINKING 2 brown potions.
  4617 | D:4      | 4617 ||| DROPPING potion of degeneration.
  4648 | D:5      | Entered Level 5 of the Dungeon
  4746 | D:5      | Noticed Duvessa
  4746 | D:5      | Noticed Dowan
  4747 | D:5      | 4747 ||| Stepping ~*~*~tactically~*~*~ (hiding).
  4752 | D:5      | 4752 ||| INVOKING Fiery Armour.
  4763 | D:5      | Killed Duvessa
  4767 | D:5      | 4767 ||| Stepping ~*~*~tactically~*~*~ (hiding).
  4769 | D:5      | Killed Dowan
  4914 | D:5      | Found a staircase to the Ecumenical Temple.
  4939 | D:5      | Noticed a vampire mosquito
  4942 | D:5      | 4942 ||| Stepping ~*~*~tactically~*~*~ (stealth).
  4942 | D:5      | Noticed a vampire mosquito
  4943 | D:5      | 4943 ||| Stepping ~*~*~tactically~*~*~ (stealth).
  4944 | D:5      | 4944 ||| Stepping ~*~*~tactically~*~*~ (stealth).
  4947 | D:5      | Noticed a vampire mosquito
  4952 | D:5      | Noticed a vampire mosquito
  4954 | D:5      | 4954 ||| INVOKING Fiery Armour.
  4958 | D:5      | Killed a vampire mosquito
  4959 | D:5      | Reached skill level 7 in Axes
  4959 | D:5      | Reached XP level 8. HP: 17/61 MP: 9/9
  4960 | D:5      | Reached skill level 3 in Dodging
  5079 | D:5      | Reached skill level 8 in Axes
  5187 | D:5      | Found a shimmering altar of Xom.
  5592 | D:5      | Found an ancient bone altar of Kikubaaqudgha.
  6290 | D:5      | 6290 ||| UPGRADING to +2 pair of gloves.
  6295 | D:5      | 6295 ||| DROPPING ring of resist corrosion.
  6296 | D:5      | 6296 ||| READING scroll labelled JOLIN LAKKIRR.
  6297 | D:5      | 6297 ||| READING 2 scrolls labelled WONNA DUJYKIPT.
  6298 | D:5      | 6298 ||| READING scroll labelled GEKIRPH GYEC.
  6299 | D:5      | 6299 ||| DROPPING scroll of vulnerability.
  6405 | D:6      | 6405 ||| Stepping ~*~*~tactically~*~*~ (hiding).
  6413 | D:6      | Reached skill level 9 in Axes
  6433 | D:6      | 6433 ||| Stepping ~*~*~tactically~*~*~ (hiding).
  6452 | D:6      | Gained mutation: You are mostly covered in icy blue scales.
                  | (AC +3) [demonic ancestry]
  6452 | D:6      | Reached XP level 9. HP: 52/69 MP: 10/10
  6537 | D:6      | 6537 ||| Stepping ~*~*~tactically~*~*~ (hiding).
  6541 | D:6      | Identified the ring of the Castellan {rN++ Int+3 Dex+6
                  | Stlth+}
  6542 | D:6      | 6542 ||| INVOKING Fiery Armour.
  6551 | D:6      | Reached skill level 6 in Fighting
  7049 | D:6      | Found a sacrificial altar of Ru.
  7156 | D:6      | 7156 ||| DROPPING +0 chain mail.
  7157 | D:6      | 7157 ||| UPGRADING to +0 plate armour.
  7167 | D:6      | 7167 ||| UPGRADING to +0 pair of boots.
  7172 | D:6      | 7172 ||| READING scroll of enchant armour.
  7172 | D:6      | 7172 ||| ENCHANTING +0 pair of boots.
  7173 | D:6      | 7173 ||| UPGRADING to ring of the Castellan {rN++ Int+3
                  | Dex+6 Stlth+}.
  7175 | D:6      | 7175 ||| DROPPING +6 ring of intelligence.
  7176 | D:6      | 7176 ||| DROPPING +6 ring of dexterity.
  7177 | D:6      | 7177 ||| READING 2 scrolls labelled KOXKOFRUTUOCH.
  7178 | D:6      | 7178 ||| DRINKING 3 ruby potions.
  7179 | D:6      | 7179 ||| DROPPING scroll of blinking.
  7209 | D:7      | 7209 ||| STAIRDANCE
  7252 | D:7      | Reached skill level 1 in Throwing
  7524 | D:7      | 7524 ||| Stepping ~*~*~tactically~*~*~ (hiding).
  7525 | D:7      | 7525 ||| Stepping ~*~*~tactically~*~*~ (hiding).
  7605 | D:7      | Reached skill level 10 in Axes
  7611 | D:7      | 7611 ||| Stepping ~*~*~tactically~*~*~ (hiding).
  7613 | D:7      | 7613 ||| Stepping ~*~*~tactically~*~*~ (hiding).
  7614 | D:7      | 7614 ||| Stepping ~*~*~tactically~*~*~ (hiding).
  7616 | D:7      | 7616 ||| Stepping ~*~*~tactically~*~*~ (hiding).
  7702 | D:7      | 7702 ||| FLEEEEING.
  7703 | D:7      | 7703 ||| FLEEEEING.
  7792 | D:7      | 7792 ||| FLEEEEING.
  7842 | D:7      | 7842 ||| INVOKING Fiery Armour.
  7851 | D:7      | 7851 ||| FLEEEEING.
  7852 | D:7      | 7852 ||| FLEEEEING.
  7853 | D:7      | 7853 ||| FLEEEEING.
  7854 | D:7      | 7854 ||| FLEEEEING.
  7855 | D:7      | 7855 ||| FLEEEEING.
  8041 | D:7      | 8041 ||| FLEEEEING.
  8042 | D:7      | 8042 ||| FLEEEEING.
  8043 | D:7      | 8043 ||| FLEEEEING.
  8106 | D:7      | 8106 ||| Stepping ~*~*~tactically~*~*~ (stealth).
  8108 | D:7      | Found a shadowy altar of Dithmenos.
  8265 | D:7      | Found a hazy altar of Hepliaklqana.
  8377 | D:7      | Found a snail-covered altar of Cheibriados.
  8537 | D:7      | 8537 ||| DROPPING ring of wizardry.
  8598 | D:8      | 8598 ||| STAIRDANCE
  8628 | D:8      | Noticed Grum
  8629 | D:8      | 8629 ||| STAIRDANCE
  8669 | D:8      | 8669 ||| STAIRDANCE
  8804 | D:8      | 8804 ||| INVOKING Fiery Armour.
  8804 | D:8      | Noticed Joseph
  8812 | D:8      | Killed Joseph
  8829 | D:8      | Killed Grum
  8830 | D:8      | Gained mutation: You are completely covered in icy blue
                  | scales. (AC +4, rC+) [demonic ancestry]
  8830 | D:8      | Reached XP level 10. HP: 53/79 MP: 11/11
  8961 | D:8      | Found a flagged portal.
  9082 | D:8      | 9082 ||| Stepping ~*~*~tactically~*~*~ (stealth).
  9133 | D:8      | Found an ornate altar of the Wu Jian Council.
  9145 | D:8      | 9145 ||| Stepping ~*~*~tactically~*~*~ (hiding).
  9147 | D:8      | 9147 ||| Stepping ~*~*~tactically~*~*~ (hiding).
  9315 | D:8      | 9315 ||| Stepping ~*~*~tactically~*~*~ (stealth).
  9321 | D:8      | 9321 ||| Stepping ~*~*~tactically~*~*~ (stealth).
  9326 | D:8      | 9326 ||| Stepping ~*~*~tactically~*~*~ (stealth).
  9327 | D:8      | 9327 ||| Stepping ~*~*~tactically~*~*~ (stealth).
  9334 | D:8      | 9334 ||| Stepping ~*~*~tactically~*~*~ (stealth).
  9342 | D:8      | 9342 ||| INVOKING Fiery Armour.
  9351 | D:8      | Reached skill level 11 in Axes
  9372 | D:8      | HP: 18/80 [wight/+4 halberd of freezing (10)]
  9373 | D:8      | 9373 ||| READING 3 scrolls of teleportation.
  9374 | D:8      | 9374 ||| DRINKING 2 potions of heal wounds.
  9394 | D:8      | 9394 ||| Stepping ~*~*~tactically~*~*~ (hiding).
  9430 | D:8      | 9430 ||| FLEEEEING.
  9432 | D:8      | 9432 ||| FLEEEEING.
  9433 | D:8      | 9433 ||| FLEEEEING.
  9438 | D:8      | 9438 ||| FLEEEEING.
  9439 | D:8      | 9439 ||| FLEEEEING.
  9463 | D:8      | 9463 ||| Stepping ~*~*~tactically~*~*~ (stealth).
  9464 | D:8      | 9464 ||| Stepping ~*~*~tactically~*~*~ (stealth).
  9481 | D:8      | 9481 ||| SWAPPING to +0 war axe.
  9552 | D:8      | Found a staircase to the Lair.
  9560 | D:8      | Found a basalt altar of Yredelemnul.
  9581 | D:8      | Noticed Psyche
  9593 | D:8      | Killed Psyche
  9964 | D:8      | Found a sparkling altar of Nemelex Xobeh.
  9964 | D:8      | Found a transporter.
  9964 | D:8      | Noticed a white ugly thing
  9968 | D:8      | 9968 ||| PLANNING LAIR
  9968 | D:8      | 9968 ||| READING scroll labelled XAOCWI UMACIFA.
  9969 | D:8      | 9969 ||| READING scroll labelled DOEGEF WUIDA.
  9970 | D:8      | 9970 ||| READING scroll labelled QECIMU XUGAZUO.
  9971 | D:8      | 9971 ||| READING scroll labelled KEF ZACWOU.
  9971 | D:8      | Identified a scroll of acquirement
  9971 | D:8      | 9971 ||| ACQUIRING +18 shield of the Gong {rElec rN+ Will+
                  | EV-5}
  9971 | D:8      | Acquired the +18 shield of the Gong {rElec rN+ Will+ EV-5}
  9971 | D:8      | Found the +18 shield of the Gong {rElec rN+ Will+ EV-5}
  9973 | D:8      | 9973 ||| UPGRADING to +18 shield of the Gong {rElec rN+
                  | Will+ EV-5}.
  9978 | D:8      | 9978 ||| READING scroll labelled SUISAS XORAC.
  9979 | D:8      | 9979 ||| READING scroll labelled QOALES MEUPO.
  9980 | D:8      | 9980 ||| DRINKING 2 orange potions.
 10007 | Lair:1   | Entered Level 1 of the Lair of Beasts
 10020 | Lair:1   | Reached skill level 1 in Shields
 10022 | Lair:1   | Noticed a cane toad
 10025 | Lair:1   | Noticed a black mamba
 10026 | Lair:1   | 10026 ||| INVOKING Fiery Armour.
 10035 | Lair:1   | HP: 16/80 [poisoned by a cane toad]
 10036 | Lair:1   | 10036 ||| READING 2 scrolls of teleportation.
 10036 | Lair:1   | Slain by a cane toad

Levels and vault maps discovered:
D:1:      dpeg_arrival_brainrot, layout_basic
D:2:      layout_rooms, serial_shops, shop, minmay_randomly_rotated_circles
D:3:      cheibrodos_helix_gallery, layout_basic, nrook_uturn, uniq_jessica,
          uniq_sigmund
D:4:      layout_basic, mainiacjoe_overflow_alcove_4
D:5:      layout_layer_cave, kennysheep_mini_moat, lemuel_tele_altar,
          minmay_temple_entry_mist, uniq_duvessa
D:6:      layout_basic, kennysheep_little_box
D:7:      layout_loops_ring, nicolae_hepliaklqana_hippocampus,
          cheibriados_altar_1, nicolae_overflow_two_pavilions
D:8:      layout_loops_ring, grunt_nemelex_the_gamble,
          nzn_wu_jian_contemplation, lemuel_crystal_altar,
          erik_lair_orcish_takeover, enter_bailey_6, skrybe_limestone_x,
          uniq_psyche, uniq_joseph, uniq_grum
Lair:1:   layout_gridlike

Skill      XL: |  1  2  3  4  5  6  7  8  9 10 |
---------------+-------------------------------+-----
Axes           | 3 4 6 7 9 10 11 | 11.4
Dodging        | 1 3 |  3.0
Armour         | 3 5 |  5.5
Fighting       | 4 5 7 8 |  8.0
Throwing       | 1 |  1.3
Shields        | 2 |  2.6
Spellcasting   | |  1.0
Fire Magic     | |  2.6

Action                   |  1- 3 |  4- 6 |  7- 9 | 10-12 || total
-------------------------+-------+-------+-------+-------++-------
Melee: Hand axe          |   121 |    85 |   265 |    83 ||   554
       Headbutt          |    11 |    16 |    57 |    37 ||   121
       Punch             |     1 |     1 |     2 |     3 ||     7
       War axe           |       |       |       |    65 ||    65
       Unarmed           |       |       |       |     8 ||     8
Throw: Boomerang         |       |       |    13 |    28 ||    41
Invok: Fiery Armour      |       |     2 |     5 |     2 ||     9
  Use: Scroll            |     5 |     1 |     5 |     8 ||    19
       Potion            |       |     3 |     2 |     2 ||     7
Armor: Robe              |    14 |       |       |       ||    14
       Leather armour    |    10 |       |       |       ||    10
       Ring mail         |     8 |     3 |       |       ||    11
       Scale mail        |       |    29 |    89 |       ||   118
       Plate armour      |       |       |    46 |   119 ||   165
Dodge: Dodged            |    58 |    40 |   123 |    49 ||   270
Block: Other             |       |     4 |    41 |    30 ||    75
       Kite shield       |       |       |       |    59 ||    59

Table legend:
 A = Non-vault XP
 B = Vault XP
 C = Vault XP percentage of total XP
 D = Non-vault monster count
 E = Vault monster count
 F = Vault count percentage of total count
                 A         B        C        D         E       F
            +---------+---------+-------+---------+---------+-------
      Total |    6487 |    2681 |  29.2 |     166 |      29 |  14.9
            +---------+---------+-------+---------+---------+-------
        D:1 |      50 |       0 |   0.0 |      29 |       0 |   0.0
        D:2 |      40 |      24 |  37.5 |      16 |       6 |  27.3
        D:3 |      87 |     282 |  76.4 |      20 |       4 |  16.7
        D:4 |     398 |       0 |   0.0 |       7 |       0 |   0.0
        D:5 |    1476 |     216 |  12.8 |      23 |       2 |   8.0
        D:6 |    1065 |       0 |   0.0 |      17 |       0 |   0.0
        D:7 |     906 |     460 |  33.7 |      19 |       4 |  17.4
        D:8 |    1802 |    1699 |  48.5 |      30 |      13 |  30.2
     Lair:1 |     663 |       0 |   0.0 |       5 |       0 |   0.0
            +---------+---------+-------+---------+---------+-------
